 Dungeon Crawl Stone Soup version 0.22.1-6-g1668fe2c40 (webtiles) character file.

30 LemonRage the Chopper (level 3, 0/30 HPs)
             Began as a Hill Orc Skald on Jan 25, 2019.
             Slain by a goblin
             ... wielding a +0 club
              (4 damage)
             ... on level 2 of the Dungeon.
             The game lasted 00:07:55 (1670 turns).

LemonRage the Chopper (Hill Orc Skald)              Turns: 1670, Time: 00:07:56

Health: 0/30       AC:  4    Str: 13    XL:     3   Next: 18%
Magic:  2/5        EV: 11    Int: 14    God:
Gold:   56         SH:  0    Dex: 10    Spells: 2/5 levels left

rFire    . . .     SeeInvis .   a - +0 hand axe
rCold    . . .     Gourm    .   (no shield)
rNeg     . . .     Faith    .   b - +0 leather armour
rPois    .         Spirit   .   (no helmet)
rElec    .         Reflect  .   k - +0 cloak
rCorr    .         Harm     .   (no gloves)
MR       .....                  (no boots)
Stlth    +.........             (no amulet)
HPRegen  0.10/turn              (no ring)
MPRegen  0.09/turn              (no ring)

@: no status effects
A: no striking features
a: no special abilities


You were on level 2 of the Dungeon.
You were not hungry.

You visited 1 branch of the dungeon, and saw 2 of its levels.

You collected 56 gold pieces.

Inventory:

Hand Weapons
 a - a +0 hand axe (weapon)
 f - a +0 club
Missiles
 c - 8 arrows
 e - 50 stones (quivered)
 l - 4 poisoned needles
Armour
 b - a +0 leather armour (worn)
 k - a +0 cloak (worn)
Scrolls
 g - a scroll of magic mapping {unknown}
 h - a scroll of teleportation {unknown}
 i - a scroll of identify {unknown}
 n - a scroll of immolation {unknown}
Potions
 j - a potion of degeneration {unknown}
Comestibles
 d - 2 rations
 m - 2 chunks of flesh


   Skills:
 + Level 2.5 Fighting
 + Level 3.2 Axes
 + Level 0.3 Throwing
 + Level 1.5 Armour
 + Level 1.5 Dodging
 + Level 1.9 Spellcasting
 + Level 2.9 Charms


You had 2 spell levels left.
You knew the following spells:

 Your Spells              Type           Power        Failure   Level  Hunger
a - Infusion              Chrm           #...         9%          1    ##.....
b - Song of Slaying       Chrm           #.......     14%         2    ###....

Your spell library contained the following spells:

 Spells                   Type           Power        Failure   Level  Hunger
 Shroud of Golubria       Chrm/Tloc      #.........   26%         2    ###....
 Regeneration             Chrm/Necr      #.........   45%         3    ####...
 Spectral Weapon          Hex/Chrm       #.......     45%         3    ####...


Dungeon Overview and Level Annotations

Branches:
Dungeon (2/15)

Altars:


Message History

Welcome back, LemonRage the Hill Orc Skald.
Press ? for a list of commands and other information.
You are no longer magically infusing your attacks.
The worm bites you but does no damage.
A kobold comes into view. It is wielding a short sword.
The kobold shouts!
You hear a shout!
A goblin comes into view. It is wielding a club.
The kobold moves out of view.
You hear a shout!
The kobold throws a stone.
The stone barely misses you.
The kobold throws a stone.
The stone hits you but does no damage.
The goblin drinks a potion.
The goblin seems to speed up.
You see here a stone.
The kobold throws a stone.
The stone hits you but does no damage.
You see here a stone.
The worm bites you but does no damage.
You see here a stone.
The goblin closely misses you. The goblin hits you with a club.
You die...

##.....# . ###
##..###.# ..# ..
####..## #.#
#...####.#
#....#####.####
#......# ###.####
#....... #(..##
#...# #.######
#....#..## ##.###
####.# #..##
##..###..# #>...# #
##.##.@## ##.####
#.#.g## ###..#
#.#K#####...##
#######..w##....###
.......(.(##.####
.........##†.#
.......#.#..#######
.................<.
.......#..########.


You could see a worm, a goblin and a kobold.

Vanquished Creatures
  2 dart slugs
  A leopard gecko (D:1)
  3 bats
  A giant cockroach (D:2)
  4 hobgoblins (D:1)
  5 kobolds (D:1)
  A quokka (D:2)
  A ball python (D:1)
  A frilled lizard (D:1)
  3 goblins (D:1)
  2 rats (D:1)
24 creatures vanquished.

Notes
Turn   | Place    | Note
-------+----------+-------------------------------------------
     0 | D:1      | LemonRage the Hill Orc Skald began the quest for the Orb.
     0 | D:1      | Reached XP level 1. HP: 18/18 MP: 3/3
   243 | D:1      | Reached XP level 2. HP: 16/25 MP: 4/4
  1378 | D:1      | Reached skill level 3 in Axes
  1535 | D:2      | Reached XP level 3. HP: 28/30 MP: 0/5
  1556 | D:2      | Learned a level 2 spell: Song of Slaying
  1670 | D:2      | Slain by a goblin

Skill      XL: |  1  2 |
---------------+-------+-----
Axes           | 3 |  3.2
Fighting       | |  2.5
Throwing       | |  0.3
Armour         | |  1.5
Dodging        | |  1.5
Spellcasting   | |  1.9
Charms         | |  2.9

Action                   || total
-------------------------++-------
Melee: Hand axe          ||   103
Throw: Stone             ||    47
 Cast: Infusion          ||     7
  Use: Scroll            ||     1
  Eat: Ration            ||     1
Armor: Leather armour    ||    40
Dodge: Dodged            ||    87
